 Dungeon Crawl Stone Soup version 0.30-a0-1123-gabc949cf19 (console) character file.

Game seed: 13692816891862188631

9 petzl the Sneak (level 2, -2/24 HPs)
             Began as a Formicid Delver on Apr 22, 2023.
             Slain by an iguana (11 damage)
             ... on level 6 of the Dungeon.
             The game lasted 00:00:40 (60 turns).

petzl the Sneak (Formicid Delver)                     Turns: 60, Time: 00:00:40

Health: -2/24      AC:  3    Str: 16    XL:     2   Next: 25%
Magic:  4/4        EV: 12    Int:  9    God:
Gold:   0          SH:  0    Dex: 15    Spells: 4/4 levels left

rFire   . . .        a - +0 mace
rCold   . . .        (no shield)
rNeg    . . .        b - +0 leather armour
rPois   .            (helmet unavailable)
rElec   .            (no cloak)
rCorr   .            (no gloves)
SInv    +            (no boots)
Will    .....        (no amulet)
Stlth   +++          (no ring)
HPRegen 0.24/turn    (no ring)
MPRegen 0.09/turn

%: no passive effects
@: no status effects
A: permanent stasis, dig shafts and tunnels, antennae 3, four strong arms
a: Dig, Shaft Self


You were on level 6 of the Dungeon.
You visited 1 branch of the dungeon, and saw 2 of its levels.

Inventory:

Hand Weapons
 a - a +0 mace (weapon)
Armour
 b - a +0 leather armour (worn)
Wands
 f - a wand of digging (3)
Scrolls
 c - a scroll of fog
 d - a scroll of magic mapping
 e - a scroll of fear


   Skills:
 - Level 3.2 Fighting
 - Level 2.0 Maces & Flails
 - Level 1.7 Dodging
 - Level 6.0 Stealth
 + Level 1.7 Spellcasting


You had 4 spell levels left.
You didn't know any spells.
Your spell library was empty.

Dungeon Overview and Level Annotations

Branches:
Dungeon (6/15)
 Temple: D:4-7

Altars:


Innate Abilities, Weirdness & Mutations

You cannot be hasted, slowed, berserked, paralysed or teleported.
You can dig through walls and to a lower floor.
You have a pair of large antennae on your head. (SInv)
Your four strong arms can wield two-handed weapons with a shield.


Message History

The adder barely misses you.
You miss the adder.
The adder is lightly wounded.
The adder bites you. The adder bites you but does no damage.
You closely miss the adder.
The adder is lightly wounded.
The adder bites you. The adder barely misses you.
You hit the adder.
The adder is severely wounded.
The adder completely misses you. The adder bites you but does no damage.
You sock the adder!
You kill the adder!
Your Spellcasting skill increases to level 1!
You have reached level 2!
You start resting.
HP restored.
An iguana comes into view.
The helpless iguana fails to defend itself.
You sock the iguana!
The iguana is heavily wounded.
The iguana barely misses you. x2
You hit the iguana but do no damage.
The iguana is heavily wounded.
The iguana bites you.
You hit the iguana but do no damage.
The iguana is heavily wounded.
The iguana barely misses you.
You closely miss the iguana.
The iguana is heavily wounded.
The iguana bites you! The iguana barely misses you.
You hit the iguana.
The iguana is severely wounded.
The iguana closely misses you.
You hit the iguana.
The iguana is severely wounded.
The iguana bites you.
You hit the iguana but do no damage.
The iguana is severely wounded.
The iguana bites you!
You die...

##+# .# ##...##.#
....##.# #...##.#
###...##.#
#.....##.#
#.#.....##.###.#.#
#................#
.......@##.###.#.
..#...l.##.###.#.#
####+###........
#.###.#.# #.# #.#
#.# #.#
#######.###.#.#
...............
#######.###.#.# {
..#.# #.#
#.#.###.#.# {
#.#.....#<# {
#.#..####.#
#.#..####.#
###.........#
#.....#####.#
#†#.#.# #.#
.....#.# #.#
#.####.#.# #.#


You could see an iguana.

Vanquished Creatures
  An adder (D:6)
1 creature vanquished.

Notes
Turn   | Place    | Note
-------+----------+-------------------------------------------
     0 | D:5      | petzl the Formicid Delver began the quest for the Orb.
     0 | D:5      | Reached XP level 1. HP: 18/18 MP: 1/1
    22 | D:6      | Reached skill level 1 in Spellcasting
    22 | D:6      | Reached XP level 2. HP: 20/24 MP: 1/4
    60 | D:6      | Slain by an iguana

Illustrated notes

Levels and vault maps discovered:
D:5:      cheibrodos_fertilizer, layout_basic, nicolae_overflow_hidden_temple,
          enter_ossuary_1, uniq_grinder
D:6:      layout_basic

Skill      XL: |  1 |
---------------+----+-----
Spellcasting   | 1 |  1.7
Fighting       | |  3.2
Maces & Flails | |  2.0
Dodging        | |  1.7
Stealth        | |  6.0

Action                     || total
---------------------------++-------
  Melee: Mace              ||    13
   Stab: Sleeping          ||     2
 Armour: Leather armour    ||     2
  Dodge: Dodged            ||    10

Table legend: (Time is in decaauts)
 A = Elapsed time spent in this place.
 B = Non-inter-level travel time spent in this place.
 C = Inter-level travel time spent in this place.
 D = Time resting spent in this place.
 E = Time spent auto-exploring this place.
 F = Levels seen in this place.
 G = Mean time per level.
                   A        B        C        D        E       F      G
               +--------+--------+--------+--------+--------+-----+--------+
         Total |     63 |     63 |      0 |     12 |      5 |   2 |   31.5 |
       Dungeon |     63 |     63 |      0 |     12 |      5 |   2 |   31.5 |
               +--------+--------+--------+--------+--------+-----+--------+

Top non-repeatable levels by time:
     D:6: 60 daAuts
     D:5: 3 daAuts
